 Dungeon Crawl Stone Soup version 0.26.1-11-gd32895ea62 (webtiles) character file.

Game seed: 7407223854781147498

329 nothank2 the Cutter (level 6, -2/47 HPs)
             Began as a Demonspawn Gladiator on June 22, 2021.
             Slain by an ogre
             ... wielding a +0 giant club
              (25 damage)
             ... on level 5 of the Dungeon.
             The game lasted 00:08:51 (4040 turns).

nothank2 the Cutter (Demonspawn Gladiator)          Turns: 4040, Time: 00:08:52

Health: -2/47      AC:  7    Str: 17    XL:     6   Next: 25%
Magic:  15/15      EV: 12    Int:  9    God:
Gold:   147        SH:  0    Dex: 14    Spells: 5/5 levels left

rFire    . . .     SeeInvis .   j - +1 dagger (elec)
rCold    . . .     Faith    .   (no shield)
rNeg     . . .     Spirit   .   b - +0 leather armour
rPois    .         Reflect  .   c - +0 helmet
rElec    .         Harm     +   i - scarf {harm}
rCorr    .         Rampage  .   h - +0 pair of gloves
Will     .....                  l - +0 pair of boots
Stlth    +.........             (no amulet)
HPRegen  0.15/turn              s - ring of magical power
MPRegen  0.14/turn              (no ring)

@: no status effects
A: claws 2, powered by death 1, sharp scales 1
a: no special abilities


You were on level 5 of the Dungeon.
You visited 1 branch of the dungeon, and saw 5 of its levels.

You collected 147 gold pieces.

Inventory:

Hand Weapons
 a - a +0 rapier
 j - a +1 dagger of electrocution (weapon)
Missiles
 d - 5 throwing nets
 t - 3 curare-tipped darts (quivered)
Armour
 b - a +0 leather armour (worn)
 c - a +0 helmet (worn)
 h - a +0 pair of gloves (worn)
 i - a scarf of harm (worn)
 l - a +0 pair of boots (worn)
Jewellery
 s - a ring of magical power (left hand)
Scrolls
 k - 2 scrolls of fog
 o - 2 scrolls of amnesia
 u - a scroll of noise
Potions
 e - a potion of degeneration {unknown}
 f - 2 potions of lignification
 g - 2 potions of curing
 m - a potion of resistance {unknown}
 n - a potion of berserk rage {unknown}
 p - a potion of haste {unknown}
 r - a potion of brilliance {unknown}
 v - a potion of heal wounds


   Skills:
 + Level 3.2 Fighting
 + Level 4.9 Short Blades
 - Level 1.7 Throwing
 + Level 3.0 Armour
 - Level 2.6 Dodging


You had 5 spell levels left.
You didn't know any spells.
Your spell library was empty.

Dungeon Overview and Level Annotations

Branches:
Dungeon (5/15)
 Temple: D:4-7

Altars:
Elyvilon
Fedhas
Makhleb
Vehumet
Yredelemnul
The Shining One

Annotations:
D:4 Eustachio, Menkaure


Innate Abilities, Weirdness & Mutations

You have very sharp fingernails.
You regenerate a little health from kills.
You are partially covered in razor-sharp scales. (AC +1, Slay +1)


Message History

The orc shouts!
You hear a shout!
An orc comes into view. It is wielding a +0 hand axe.
Found a stone staircase leading down.
There is a stone staircase leading down here.
You climb downwards.
There is a stone staircase leading up here.
You barely miss the ogre. The ogre barely misses you.
You hit the ogre.
The ogre is lightly wounded.
You hit the ogre.
The ogre is lightly wounded.
The ogre hits you with a +0 giant club!!
Ouch! That really hurt!
You hit the ogre.
The ogre is lightly wounded.
You hit the ogre.
The ogre is moderately wounded.
The ogre hits you with a +0 giant club!!
Ouch! That really hurt!
You die...

#. .. ###.#
#..###...#####
##.#.........#
.............#####
#...............#
#...............#
#..............###
#...@O..........####
#............[.....#
#..............#####
#....#####.......##
...### #.........#
!..# #.........# ...
#.........# ..
#...O.....#
#.........#


You could see an ogre.

Vanquished Creatures
  Blork the orc (D:4)
  A bullfrog (D:2)
  A centaur skeleton (D:4)
  A hound (D:4)
  A worker ant (D:4)
  4 adders
  An adder zombie (D:4)
  An adder skeleton (D:4)
  3 worms
  A dart slug (D:3)
  2 leopard geckos (D:3)
  2 orcs (D:3)
  3 giant cockroaches
  2 gnoll zombies (D:2)
  6 goblins
  5 hobgoblins
  7 jackals
  7 kobolds
  2 quokkas (D:3)
  A ball python (D:3)
  2 bats
  4 frilled lizards
  A leopard gecko skeleton (D:4)
  2 rats
61 creatures vanquished.

Notes
Turn   | Place    | Note
-------+----------+-------------------------------------------
     0 | D:1      | nothank2 the Demonspawn Gladiator began the quest for the
                  | Orb.
     0 | D:1      | Reached XP level 1. HP: 16/16 MP: 1/1
   168 | D:1      | Reached skill level 3 in Short Blades
   205 | D:1      | Gained mutation: You have sharp fingernails. [demonic
                  | ancestry]
   205 | D:1      | Reached XP level 2. HP: 15/22 MP: 2/2
  1287 | D:2      | Noticed a bullfrog
  1289 | D:2      | Found a white marble altar of Elyvilon.
  1298 | D:2      | Killed a bullfrog
  1299 | D:2      | Reached skill level 1 in Armour
  1299 | D:2      | Gained mutation: You have very sharp fingernails. [demonic
                  | ancestry]
  1299 | D:2      | Reached XP level 3. HP: 24/28 MP: 3/3
  1299 | D:2      | Gained mutation: You regenerate a little health from kills.
                  | [demonic ancestry]
  1299 | D:2      | Reached XP level 4. HP: 29/34 MP: 4/4
  1382 | D:2      | Reached skill level 4 in Short Blades
  1474 | D:2      | Found a burning altar of Makhleb.
  1474 | D:2      | Found a radiant altar of Vehumet.
  1676 | D:2      | Found a glowing golden altar of the Shining One.
  1982 | D:2      | Found a basalt altar of Yredelemnul.
  2594 | D:3      | Gained mutation: You are partially covered in razor-sharp
                  | scales. (AC +1, Slay +1) [demonic ancestry]
  2594 | D:3      | Reached XP level 5. HP: 37/39 MP: 5/5
  3207 | D:4      | Noticed Eustachio
  3233 | D:4      | Noticed Blork the orc
  3249 | D:4      | Killed Blork the orc
  3263 | D:4      | Found a blossoming altar of Fedhas.
  3338 | D:4      | Found Pugaosim's Antique Weapon Shoppe.
  3451 | D:4      | Reached XP level 6. HP: 37/47 MP: 6/6
  3534 | D:4      | Noticed Menkaure
  3999 | D:4      | You fall into a shaft and drop 1 floor!
  3999 | D:5      | Entered Level 5 of the Dungeon
  4040 | D:5      | Slain by an ogre

Illustrated notes

Levels and vault maps discovered:
D:1:      dpeg_arrival_circle_labyrinth_c, layout_basic
D:2:      layout_loops_cross, amethyst_overflow_temple_binary,
          lemuel_zombie_altar_yredelemnul, elyvilon_altar_1, serial_rivers,
          chequers_serial_rivers_large_a, chequers_serial_rivers_micro_c,
          chequers_serial_rivers_marsh, chequers_serial_rivers_micro_c,
          chequers_serial_rivers_micro_e, chequers_serial_rivers_micro_b,
          tso_metal_star
D:3:      layout_basic, serial_curves, eino_curves_02, eino_curves_03
D:4:      layout_rooms, old_standard_altar, kennysheep_mini, serial_shops, shop,
          serial_co_window_serial, co_window_corner_a, co_window_paths_a,
          co_window_of_opportunity_a, co_window_paths_b, co_window_paths_a,
          co_window_paths_b, co_window_2corner, co_window_unsneaky_path_a,
          co_window_broadway_c, co_window_broadway_a, co_window_cross_3,
          co_window_2corner, co_window_broadway_a, kennysheep_generic_room_7,
          uniq_blork_the_orc, uniq_menkaure, uniq_eustachio
D:5:      layout_rooms, ashenzari_conservatory_becter

Skill      XL: |  1  2  3  4  5  6 |
---------------+-------------------+-----
Short Blades   | 3 4 |  4.9
Armour         | 1 2 3 |  3.0
Fighting       | 3 |  3.2
Throwing       | |  1.7
Dodging        | |  2.6

Action                   |  1- 3 |  4- 6 || total
-------------------------+-------+-------++-------
Melee: Rapier            |    33 |       ||    33
       Dagger            |    24 |   165 ||   189
  Use: Scroll            |       |     8 ||     8
 Stab: Sleeping          |     1 |       ||     1
Armor: Leather armour    |     9 |    51 ||    60
Dodge: Dodged            |    31 |    85 ||   116
